 Dungeon Crawl Stone Soup version 0.31-a0-167-g1c394c0614 (webtiles) character file.

Game seed: 16077137659132325655

164 qw the Shooter (level 5, -5/32 HPs)
             Began as a Gargoyle Hunter on June 13, 2023.
             Slain by Sigmund
             ... wielding a +4 scythe of protection
              (6 damage)
             ... on level 4 of the Dungeon.
             The game lasted 00:00:55 (2498 turns).

qw the Shooter (Gargoyle Hunter)                    Turns: 2498, Time: 00:00:55

Health: -5/32      AC:  7    Str: 20    XL:     5   Next: 45%
Magic:  5/5        EV: 11    Int: 10    God:
Gold:   165        SH:  0    Dex: 15    Spells: 4/4 levels left

rFire   . . .        Y - +0 orcbow
rCold   . . .        (shield currently unavailable)
rNeg    + . .        c - +0 leather armour
rPois   inf          (no helmet)
rElec   +            (no cloak)
rCorr   .            (no gloves)
SInv    .            (no boots)
Will    .....        (no amulet)
Stlth   ++           i - +6 ring of strength
HPRegen 0.25/turn    (no ring)
MPRegen 0.09/turn

%: no passive effects
@: no status effects
A: sickness immunity, AC +4, negative energy resistance 1, electricity
resistance, torment resistance 1, petrification resistance
a: no special abilities


You were on level 4 of the Dungeon.
You visited 1 branch of the dungeon, and saw 4 of its levels.

You collected 214 gold pieces.
You spent 49 gold pieces at shops.


Innate Abilities, Weirdness & Mutations

You are immune to sickness and miasma.
Your stone body is resilient. (AC +4)
You are immune to poison.
You resist negative energy. (rN+)
You are resistant to electric shocks. (rElec)
You are resistant to unholy torment.
You are immune to petrification.


   Skills:
 + Level 3.3 Fighting
 - Level 6.1 Ranged Weapons
 - Level 1.5 Dodging
 - Level 1.1 Stealth


You had 4 spell levels left.
You didn't know any spells.
Your spell library was empty.

Inventory:

Hand Weapons
 Y - a +0 orcbow (weapon)
Armour
 c - a +0 leather armour (worn)
 j - a +1 hat
 k - a +0 ring mail
Jewellery
 d - a ring of protection from cold
 i - a +6 ring of strength (left hand)
Scrolls
 a - a scroll of poison {unknown}
 b - a scroll of identify
Potions
 e - a potion of curing {unknown}
 f - a potion of berserk rage {unknown}
 g - 2 potions of might
 h - a potion of lignification {unknown}

Dungeon Overview and Level Annotations

Branches:
Dungeon (4/15)
 Temple: D:4-7

Altars:
Makhleb
Qazlal

Shops:
D:2 (?*!

Annotations:
D:4 Sigmund


Message History

Sigmund is severely wounded.
Sigmund casts a spell at you. The magic dart hits you.
You shoot an arrow. The arrow barely misses Sigmund.
Sigmund hits you from afar with a +4 scythe of protection.
You shoot an arrow.
The arrow hits Sigmund but does no damage.
Sigmund is severely wounded.
Sigmund misses you.
You shoot an arrow. The arrow barely misses Sigmund.
Sigmund hits you but does no damage.
You shoot an arrow.
The arrow hits Sigmund but does no damage.
Sigmund is severely wounded.
Sigmund barely misses you.
You shoot an arrow.
The arrow hits Sigmund but does no damage.
Sigmund is severely wounded.
You shoot an arrow. The arrow barely misses Sigmund.
Sigmund hits you from afar with a +4 scythe of protection.
You shoot an arrow. The arrow closely misses Sigmund.
Sigmund casts a spell at you. The magic dart hits you!
Enter note:
Enter note:
Enter note:
Enter note:
Enter note:
Enter note:
2494 ||| UPGRADING to +1 hat.
Sigmund is no longer unusually resistant.
Sigmund hits you from afar with a +4 scythe of protection.
Keep equipping yourself?
You start putting on your armour.
You continue putting on your +1 hat.
Sigmund barely misses you.
You continue putting on your +1 hat. x2
Sigmund hits you from afar with a +4 scythe of protection!
You continue putting on your +1 hat.
Sigmund hits you from afar with a +4 scythe of protection.
You die...

######......).####.......#
#.....
########....#.......#
#..... #######.........#
#..... ..........#######
#.....
..............#####.....
.........####.....+.....
.........##......##... .
.........##)......##.. .
.....@.@.##.....#....###
....:.....#.....####.#<#
#######...#........#.#.#
#...#........'.#..
#...#........#.###
#...#........#...>
#...#........#####
#####........# .........)#


You could see Sigmund.

Vanquished Creatures
  A hound (D:3)
  6 adders
  5 worms
  A dart slug (D:1)
  4 orcs
  8 ball pythons
  6 bats
  3 endoplasms
  A giant cockroach (D:2)
  7 goblins
  4 hobgoblins
  3 jackals (D:1)
  6 kobolds
  2 frilled lizards
  4 rats
61 creatures vanquished.

Notes
Turn   | Place    | Note
-------+----------+-------------------------------------------
     0 | D:1      | qw the Gargoyle Hunter began the quest for the Orb.
     0 | D:1      | Reached XP level 1. HP: 12/12 MP: 1/1
     0 | D:1      | 0 ||| qw: Version: 0.2-a-29-gc1b59c4
     0 | D:1      | 0 ||| qw: Game counter: 4857
     0 | D:1      | 0 ||| qw: Always use a shield: true
     0 | D:1      | 0 ||| qw: God list: Okawaru
     0 | D:1      | 0 ||| qw: Allow faded altars: false
     0 | D:1      | 0 ||| qw: Do Orc after D:15 true
     0 | D:1      | 0 ||| qw: Do second Lair branch before Depths: true
     0 | D:1      | 0 ||| qw: Lair rune preference: random
     0 | D:1      | 0 ||| qw: Plans: Normal, Zot:1-4, Slime:5, God:TSO, Crypt,
                  | Tomb, Abyss, Pan, Hells, Win
     0 | D:1      | 0 ||| PLANNING D:1-11
   145 | D:1      | Reached XP level 2. HP: 17/17 MP: 2/2
   396 | D:1      | Reached XP level 3. HP: 21/21 MP: 3/3
   557 | D:1      | Reached skill level 5 in Ranged Weapons
   667 | D:1      | 667 ||| READING 3 scrolls labelled RINNOI KAKH.
   668 | D:1      | 668 ||| READING scroll labelled XIYTAN CAWNUIDIFE.
   669 | D:1      | 669 ||| READING scroll labelled SOROEL HISOTU.
   670 | D:1      | 670 ||| READING scroll labelled FINO TEOG XOX.
   674 | D:1      | 674 ||| READING scroll labelled OZXUNL IRGHAG.
   675 | D:1      | 675 ||| DRINKING 2 dark potions.
   676 | D:1      | 676 ||| DROPPING 2 scrolls of revelation.
   677 | D:1      | 677 ||| DROPPING scroll of butterflies.
   799 | D:2      | Found Tannyesh's Weapon Boutique.
   805 | D:2      | 805 ||| BUYING +0 orcbow (49 gold).
   805 | D:2      | Bought a +0 orcbow for 49 gold pieces
   805 | D:2      | 805 ||| SWAPPING to +0 orcbow.
   806 | D:2      | 806 ||| DROPPING +0 shortbow.
   881 | D:2      | Found Nusog's Magic Scroll Emporium.
   886 | D:2      | 886 ||| SHOPLISTING scroll of enchant weapon (97 gold, have
                  | 5).
   886 | D:2      | 886 ||| SHOPLISTING scroll of identify (26 gold, have 5).
  1017 | D:2      | Reached skill level 3 in Fighting
  1150 | D:2      | Reached XP level 4. HP: 28/28 MP: 4/4
  1153 | D:2      | Found Faggiad's Assorted Antiques.
  1163 | D:2      | 1163 ||| SHOPLISTING fuming black potion (24 gold, have
                  | 17).
  1163 | D:2      | 1163 ||| SHOPLISTING lead wand (108 gold, have 17).
  1163 | D:2      | 1163 ||| SHOPLISTING red potion (24 gold, have 17).
  1163 | D:2      | 1163 ||| SHOPLISTING scroll labelled ISYQUQ TOASKIM (27
                  | gold, have 17).
  1163 | D:2      | 1163 ||| SHOPLISTING scroll labelled ZERELA UFRIKA (27
                  | gold, have 17).
  1163 | D:2      | 1163 ||| SHOPLISTING scroll of identify (54 gold, have 17).
  1328 | D:2      | Found Tyanius's Distillery.
  1338 | D:2      | 1338 ||| SHOPLISTING potion of curing (30 gold, have 17).
  1338 | D:2      | 1338 ||| SHOPLISTING potion of haste (100 gold, have 17).
  1338 | D:2      | 1338 ||| SHOPLISTING potion of magic (80 gold, have 17).
  1338 | D:2      | 1338 ||| SHOPLISTING potion of resistance (100 gold, have
                  | 17).
  1378 | D:2      | 1378 ||| READING scroll labelled ZAEKYE HUHYSTRU.
  1642 | D:3      | Found a stormy altar of Qazlal.
  1668 | D:3      | Found a burning altar of Makhleb.
  1721 | D:3      | Reached skill level 6 in Ranged Weapons
  1721 | D:3      | Reached XP level 5. HP: 25/32 MP: 5/5
  1726 | D:3      | HP: 4/32 [worm (6)]
  1727 | D:3      | 1727 ||| DRINKING potion of heal wounds.
  2119 | D:3      | 2119 ||| DROPPING ring of flight.
  2120 | D:3      | 2120 ||| UPGRADING to +6 ring of strength.
  2121 | D:3      | 2121 ||| READING scroll labelled SUYZUI DYLEE.
  2122 | D:3      | 2122 ||| DRINKING 2 purple potions.
  2469 | D:4      | Noticed Sigmund
  2494 | D:4      | 2494 ||| UPGRADING to +1 hat.
  2497 | D:4      | HP: 1/32 [Sigmund/+4 scythe of protection (10)]
  2498 | D:4      | Slain by Sigmund

Levels and vault maps discovered:
D:1:      amcnicky_arrival_choice, layout_basic
D:2:      layout_loops_ring, serial_shops, nicolae_shop_getting_attention,
          nicolae_shop_crystal, nicolae_shop_gibbet_a_chance,
          nicolae_shop_pleasant_corner_grove, chequers_avenue
D:3:      layout_loops_ring, nicolae_qazlal_scattered_showers, bloody_makhleb,
          wad_woods_river_04
D:4:      layout_basic, corexii_item_surrounded_by_moat, uniq_sigmund

Skill      XL: |  1  2  3  4 |
---------------+-------------+-----
Ranged Weapons | 5 6 |  6.1
Fighting       | 3 |  3.3
Dodging        | |  1.5
Stealth        | |  1.1

Action                     |  1- 3 |  4- 6 || total
---------------------------+-------+-------++-------
   Fire: Shortbow          |    67 |       ||    67
         Orcbow            |    35 |    92 ||   127
    Use: Scroll            |     5 |     2 ||     7
         Potion            |     1 |     2 ||     3
 Armour: Leather armour    |    30 |    10 ||    40
  Dodge: Dodged            |    26 |    25 ||    51

Table legend:
 A = Non-vault XP
 B = Vault XP
 C = Vault XP percentage of total XP
 D = Non-vault monster count
 E = Vault monster count
 F = Vault count percentage of total count
                 A         B        C        D         E       F
            +---------+---------+-------+---------+---------+-------
      Total |     235 |       0 |   0.0 |      61 |       0 |   0.0
            +---------+---------+-------+---------+---------+-------
        D:1 |      39 |       0 |   0.0 |      22 |       0 |   0.0
        D:2 |      65 |       0 |   0.0 |      15 |       0 |   0.0
        D:3 |     126 |       0 |   0.0 |      22 |       0 |   0.0
        D:4 |       5 |       0 |   0.0 |       2 |       0 |   0.0
            +---------+---------+-------+---------+---------+-------
